AoeStats
← LRNI_robotech

Arabia

510288644Analyzed
1v1 RM · 2d ago on Sep 30, 2026· 53m 39s· 2 players
Game mode
Random Map
Map size
Tiny (2 player)
Population
200
Speed
Normal
Resources
Standard
Victory
Conquest
Starting age
Dark Age
Ending age
Imperial Age
RankedLock teamsTeams togetherTeam positionsShared explorationLock speedFull tech treeHidden civsTurbo modeCheats
Victory
Defeat
🇦🇷 Japanese · Argentina
1391
+16
🇳🇿 Saxons · New Zealand
1388
-16
Misc_Leopard
7:04 Loom
8:53 Feudal Age
13:02 Double-Bit Axe
15:56 Horse Collar
20:36 Castle Age
18:45 Padded Archer Armor
19:00 Fletching
20:42 Elite Skirmisher
21:24 Bodkin Arrow
22:46 Bow Saw
27:33 Heavy Plow
28:32 Leather Archer Armor
31:43 Wheelbarrow
30:54 Town Watch
33:28 Pikeman
35:11 Scale Mail Armor
36:47 Chain Mail Armor
41:00 Imperial Age
40:07 Gold Mining
42:04 Stone Mining
46:21 Squires
50:16 Plate Mail Armor
49:52 Bracer
LRNI_robotech
6:57 Loom
9:13 Feudal Age
9:25 Man-at-Arms
10:23 Double-Bit Axe
16:56 Fletching
22:19 Castle Age
20:47 Horse Collar
22:03 Gold Mining
22:37 Padded Archer Armor
22:53 Crossbowman
26:10 Bodkin Arrow
28:42 Forging
29:01 Scale Barding Armor
29:47 Bloodlines
28:59 Light Cavalry
30:48 Chain Barding Armor
34:01 Husbandry
40:51 Imperial Age
38:58 Wheelbarrow
39:01 Heavy Plow
39:13 Bow Saw
40:32 Iron Casting
41:33 Thumb Ring
41:14 Cavalier
43:12 Blast Furnace
44:26 Masonry
45:16 Chemistry
44:13 Arbalester
47:46 Bracer
48:50 Conscription
50:36 Ballistics
52:59 Hand Cart
52:38 Elite Skirmisher
Connection lost

Rejoining the realm…

Still unreachable

The connection could not be restored.

Session expired

The server has moved on; the page needs a fresh start.